 Seeded DCSS version 0.29.1-12-g30fa7ad0bf (webtiles) character file.

Game seed: 20230101 (custom seed)

634 stormannn the Trooper (level 7, -2/61 HPs)
             Began as a Minotaur Abyssal Knight on Jan 1, 2023.
             Was an Elder of Lugonu.
             Killed from afar by Dowan (13 damage)
             ... with a shard of ice
             ... on level 4 of the Dungeon.
             The game lasted 00:04:32 (3451 turns).

stormannn the Trooper (Minotaur Abyssal Knight)     Turns: 3451, Time: 00:04:33

Health: -2/61      AC:  4    Str: 19    XL:     7   Next: 25%
Magic:  8/8        EV: 12    Int:  7    God:    Lugonu [****..]
Gold:   101        SH:  0    Dex: 11    Spells: 6/6 levels left

rFire   . . .      SeeInvis .   a - +1 hand axe
rCold   . . .      Faith    .   (no shield)
rNeg    . . .      Spirit   .   b - +0 leather armour
rPois   .          Reflect  .   (helmet restricted)
rElec   .          Harm     .   (no cloak)
rCorr   .          Rampage  .   e - +0 pair of gloves
Will    .....                   (no boots)
Stlth   +.........              (no amulet)
HPRegen 0.20/turn               f - +4 ring of slaying
MPRegen 0.11/turn               (no ring)

@: no status effects
A: horns 2, retaliatory headbutt
a: Renounce Religion, Depart the Abyss, Bend Space, Banish, Corrupt


You were on level 4 of the Dungeon.
You worshipped Lugonu.
Lugonu was greatly pleased with you.
You visited 1 branch of the dungeon, and saw 4 of its levels.
You visited the Abyss 1 time.
You also visited: Sewer.

You collected 101 gold pieces.

Inventory:

Hand Weapons
 a - a +1 hand axe (weapon)
Armour
 b - a +0 leather armour (worn)
 e - a +0 pair of gloves (worn)
Jewellery
 f - a +4 ring of slaying (left hand)
 j - a +6 ring of strength
 k - a ring of flight
 y - a ring of fire
Scrolls
 d - a scroll of poison {unknown}
 g - 5 scrolls of identify {unknown}
 h - a scroll of summoning {unknown}
 i - a scroll of teleportation {unknown}
 m - 2 scrolls of enchant weapon {unknown}
 o - a scroll of vulnerability {unknown}
 q - 2 scrolls of enchant armour {unknown}
 r - a scroll of brand weapon {unknown}
 t - a scroll of butterflies {unknown}
 u - a scroll of noise {unknown}
 x - a scroll of amnesia {unknown}
Potions
 c - a potion of ambrosia {unknown}
 l - 5 potions of curing {unknown}
 n - 2 potions of heal wounds {unknown}
 p - 2 potions of mutation {unknown}
 s - 2 potions of flight {unknown}
 v - a potion of cancellation {unknown}
 w - a potion of invisibility {unknown}
 z - 2 potions of berserk rage {unknown}
 A - 3 potions of magic {unknown}


   Skills:
 + Level 5.5 Fighting
 + Level 4.9 Axes
 + Level 4.7 Armour
 + Level 3.8 Dodging
 + Level 3.8 Invocations


You had 6 spell levels left.
You didn't know any spells.
Your spell library contained the following spells:

 Spells                   Type           Power      Damage    Failure   Level
 Apportation              Tloc           0%         N/A       47%         1
 Beastly Appendage        Tmut           0%         N/A       47%         1
 Necrotise                Necr           0%         1d4       47%         1
 Summon Small Mammal      Summ           0%         N/A       47%         1
 Wereblood                Tmut           0%         N/A       63%         2
 Spider Form              Tmut/Pois      0%         N/A       85%         3


Dungeon Overview and Level Annotations

Branches:
Dungeon (4/15)              Sewer (visited)
 Temple: D:4-7

Altars:

Shops:
D:1 (   D:2 :

Annotations:
D:4 Dowan


Innate Abilities, Weirdness & Mutations

You have a pair of horns on your head.
You reflexively headbutt those who attack you in melee.


Message History

Dowan casts a spell.
Dowan blinks!
You closely miss Duvessa.
Duvessa is severely wounded.
Duvessa closely misses you. You furiously retaliate!
You headbutt Duvessa! You hit Duvessa.
You kill Duvessa!
Lugonu accepts your kill.
You hear a distant wail of despair.
No target in view!
No target in view!
Dowan seems to find hidden reserves of power!
Found a +0 dagger.
Dowan casts a spell.
Dowan blinks!
No target in view!
Dowan says, "Magic will overcome all!"
Dowan points at you and mumbles some strange words.
The shard of ice hits you!
You closely miss Dowan. Your headbutt misses Dowan.
Dowan mumbles some strange words.
Dowan blinks!
Dowan casts a spell at you. The shard of ice hits you!
Dowan hits you with a +0 trident!
You are too injured to fight recklessly!
You are too injured to fight recklessly!
You are too injured to fight recklessly!
You miss Dowan. You headbutt Dowan.
Dowan is lightly wounded.
Dowan hits you with a +0 trident!
* * * LOW HITPOINT WARNING * * *
You hit Dowan. Your headbutt misses Dowan.
Dowan is moderately wounded.
Dowan barely misses you. Dowan hits you with a +0 trident.
* * * LOW HITPOINT WARNING * * *
You closely miss Dowan.
Dowan is moderately wounded.
Dowan casts a spell at you. The shard of ice hits you!
You die...

### ... ..# #..# .
...# ....######..#
. .....$).....#
....######..###
..........>.@##
)...########.e####
. ##....###
######...####
#...........#
#.........#.#
#.........#.###
###########...##
#.......#


You could see Dowan (fast).

Vanquished Creatures
  Grinder (D:4)
  Duvessa (D:4)
  A hound (D:4)
  3 jellies (Sewer)
  An orc priest (D:3)
  5 adders
  3 river rats (Sewer)
  7 worms
  5 orcs
  9 ball pythons
  4 bats
  19 endoplasms
  5 giant cockroaches
  3 goblins
  9 hobgoblins
  7 kobolds
  3 quokkas
  8 frilled lizards
  4 rats
98 creatures vanquished.

Notes
Turn   | Place    | Note
-------+----------+-------------------------------------------
     0 | Abyss:1  | stormannn the Minotaur Abyssal Knight began the quest for
                  | the Orb.
     0 | Abyss:1  | Reached XP level 1. HP: 19/19 MP: 1/1
     1 | D:1      | Escaped the Abyss
     1 | D:1      | Found a faded altar of an unknown god.
    64 | D:1      | Reached XP level 2. HP: 25/27 MP: 2/2
   209 | D:1      | Found Coskaan's Antique Weapon Boutique.
   719 | D:2      | Reached *** piety under Lugonu
   732 | D:2      | Reached skill level 4 in Fighting
   824 | D:2      | Reached XP level 3. HP: 33/33 MP: 3/3
   930 | D:2      | Found Foussoh's Book Shoppe.
  1282 | D:3      | Reached XP level 4. HP: 34/40 MP: 4/4
  1406 | D:3      | Found a glowing drain.
  1446 | Sewer    | Entered a sewer
  1655 | Sewer    | Reached XP level 5. HP: 39/47 MP: 6/6
  1792 | Sewer    | Reached **** piety under Lugonu
  1889 | Sewer    | Found a viscous altar of Jiyva.
  1983 | Sewer    | HP: 2/47 [acid (5)]
  2351 | Sewer    | Reached XP level 6. HP: 55/55 MP: 7/7
  3112 | D:4      | Noticed Grinder
  3118 | D:4      | Killed Grinder
  3119 | D:4      | Reached skill level 5 in Fighting
  3234 | D:4      | Reached XP level 7. HP: 57/61 MP: 8/8
  3422 | D:4      | Noticed Duvessa
  3426 | D:4      | Noticed Dowan
  3433 | D:4      | Killed Duvessa
  3451 | D:4      | Killed from afar by Dowan

Illustrated notes

Levels and vault maps discovered:
D:1:      spicycebolla_arrival_ecumenical, layout_basic, serial_shops,
          nicolae_shop_behind_doors
D:2:      layout_rooms, serial_shops, nicolae_lakefront_shop,
          nicolae_eternal_life, grunt_ministairs_15
D:3:      layout_loops_corners, cheibrodos_sewer_entry_sluice,
          kennysheep_another_room
D:4:      layout_basic, uniq_duvessa, uniq_grinder

Skill      XL: |  1  2  3  4  5  6 |
---------------+-------------------+-----
Invocations    | 2 3 |  3.8
Fighting       | 4 5 |  5.5
Armour         | 3 4 |  4.7
Axes           | 3 4 |  4.9
Dodging        | 2 3 |  3.8

Action                   |  1- 3 |  4- 6 |  7- 9 || total
-------------------------+-------+-------+-------++-------
Melee: Hand axe          |    51 |   109 |    27 ||   187
       Headbutt          |     6 |    17 |     5 ||    28
       Punch             |       |     1 |       ||     1
Armor: Leather armour    |     8 |    23 |       ||    31
Dodge: Dodged            |    28 |    55 |    13 ||    96
